AoeStats
← ryu

Glade

510937699Analyzed
1v1 RM · 15h ago on Oct 3, 2026· 28m 31s· 2 players
Game mode
Random Map
Map size
Tiny (2 player)
Population
200
Speed
Normal
Resources
Standard
Victory
Conquest
Starting age
Dark Age
Ending age
Imperial Age
RankedLock teamsTeams togetherTeam positionsShared explorationLock speedFull tech treeHidden civsTurbo modeCheats
Victory
Defeat
🇫🇷 Bulgarians · France
1401
+15
🇺🇸 Japanese · United States
1387
-15
ryu
9:21 Feudal Age
9:29 Man-at-Arms
11:06 Double-Bit Axe
12:12 Loom
15:41 Fletching
18:03 Gold Mining
21:54 Castle Age
22:45 Bow Saw
22:32 Bodkin Arrow
22:05 Crossbowman
23:33 Padded Archer Armor
24:06 Ballistics
26:56 Thumb Ring
28:10 Wheelbarrow
vnct
6:54 Loom
9:25 Feudal Age
11:17 Double-Bit Axe
13:21 Fletching
20:23 Castle Age
19:05 Padded Archer Armor
19:26 Scale Mail Armor
20:09 Forging
28:02 Bow Saw
Connection lost

Rejoining the realm…

Still unreachable

The connection could not be restored.

Session expired

The server has moved on; the page needs a fresh start.